 Dungeon Crawl Stone Soup version 0.30-a0-1160-g6e42c06551 (webtiles) character file.

Game seed: 1903796994711439526

21639 kae the Transmogrifier (level 12, 0/114 HPs)
             Began as a Demigod Transmuter on Apr 25, 2023.
             Killed from afar by an ice dragon (4 damage)
             ... with a blast of cold
             ... in an ice cave.
             The game lasted 00:15:13 (15856 turns).

kae the Transmogrifier (Demigod Transmuter)        Turns: 15856, Time: 00:15:13

Health: 0/114      AC: 11    Str: 19    XL:     12   Next: 25%
Magic:  27/27      EV: 12    Int: 26    God:
Gold:   1999       SH:  0    Dex: 14    Spells: 15/25 levels left

rFire   x .          .
                       - Unarmed
rCold   + + +        (shield currently unavailable)
rNeg    . . .        a - melded +0 robe
rPois   +            (helmet currently unavailable)
rElec   .            c - melded +1 cloak
rCorr   .            (gloves currently unavailable)
SInv    +            (boots currently unavailable)
Will    ++...        g - amulet of regeneration
Stlth   +            v - ring of see invisible
HPRegen 1.19/turn    J - ring "Doun" {Will+ Int+3}
MPRegen 0.20/turn

%: no passive effects
@: ice-form, invisible
A: freezing attack, amphibious, boosted hp, large, high MP 1, forlorn, divine
attributes
a: End Transformation


You were in an ice cave.
You were a creature of crystalline ice.
You visited 1 branch of the dungeon, and saw 14 of its levels.
You also visited: Ice Cave.

You collected 2032 gold pieces.
You spent 33 gold pieces at shops.


Innate Abilities, Weirdness & Mutations

You are a creature of crystalline ice.
You have a powerful freezing melee attack.
You are amphibious.
Your maximum health is increased.
Your armour is entirely melded.
You are incapable of wielding weapons or throwing items.
You have an increased reservoir of magic. (+10% MP)
You shall have no god before yourself.
Your divine heritage dramatically boosts your attributes as you level up.


   Skills:
 + Level 5.9 Fighting
 + Level 6.2 Dodging
 * Level 10.3 Unarmed Combat
 + Level 7.2 Spellcasting
 * Level 10.9 Transmutations
 - Level 6.0 Ice Magic
 - Level 2.0 Poison Magic


You had 15 spell levels left.
You knew the following spells:

 Your Spells              Type           Power      Damage    Failure   Level
a - Beastly Appendage     Tmut           100%       N/A       1%          1
b - Wereblood             Tmut           61%        N/A       1%          2
c - Spider Form           Tmut/Pois      43%        N/A       1%          3
d - Ice Form              Ice/Tmut       52%        N/A       1%          4

Your spell library contained the following spells:

 Spells                   Type           Power      Damage    Failure   Level
 Ignite Poison            Fire/Tmut/Pois 31%        N/A       3%          3
 Magic Dart               Conj           36%        1d4       6%          1
 Necrotise                Necr           36%        1d5       6%          1
 Blink                    Tloc           18%        N/A       10%         2
 Call Imp                 Summ           18%        N/A       10%         2
 Lesser Beckoning         Tloc           18%        N/A       10%         2
 Momentum Strike          Conj/Tloc      18%        3d8       10%         2
 Static Discharge         Conj/Air       18%        2-3/arc   10%         2
 Mephitic Cloud           Conj/Pois/Air  12%        N/A       14%         3
 Call Canine Familiar     Summ           9%         N/A       19%         3
 Portal Projectile        Hex/Tloc       18%        N/A       19%         3
 Tukima's Dance           Hex            9%         N/A       19%         3
 Vampiric Draining        Necr           9%         2d6       19%         3
 Summon Ice Beast         Ice/Summ       24%        N/A       19%         4
 Yara's Violent Unravell  Hex/Tmut       18%        3d9       19%         5
 Airstrike                Air            4%         2d(1-17)  52%         4
 Leda's Liquefaction      Hex/Erth       4%         N/A       52%         4
 Passage of Golubria      Tloc           9%         N/A       52%         4
 Sticky Flame             Conj/Fire      9%         2d3       52%         4
 Summon Lightning Spire   Summ/Air       9%         N/A       52%         4
 Agony                    Necr           9%         N/A       86%         5
 Summon Mana Viper        Hex/Summ       9%         N/A       86%         5
 Monstrous Menagerie      Summ           4%         N/A       100%        7
 Ignition                 Fire           4%         3d4       100%        8

Inventory:

Hand Weapons
 U - the +7 trident of Wuhena {heavy, Int+5}
   (You took it off a kobold demonologist on level 11 of the Dungeon)

   Int:       It affects your intelligence (+5).
Missiles
 d - 185 stones
 q - 53 poisoned darts
 x - 3 silver boomerangs
 y - 3 boomerangs
 C - 4 curare-tipped darts {=f}
 H - 10 javelins
Armour
 a - a +0 robe (melded)
 c - a +1 cloak (melded)
   (You found it on level 2 of the Dungeon)
 P - a +2 hat of see invisible
   (You took it off Gastronok on level 12 of the Dungeon)
Magical Staves
 I - a staff of conjuration {!a}
   (You found it on level 11 of the Dungeon)
Jewellery
 g - an amulet of regeneration (around neck)
   (You took it off a centaur on level 13 of the Dungeon)
 v - a ring of see invisible (left front paw)
   (You found it on level 5 of the Dungeon)
 A - an amulet of the acrobat
   (You found it on level 2 of the Dungeon)
 F - a ring of protection from fire
   (You took it off a kobold on level 8 of the Dungeon)
 J - the ring "Doun" (right front paw) {Will+ Int+3}
   (You acquired it on level 13 of the Dungeon)

   [ring of willpower]

   Int:       It affects your intelligence (+3).
   Will:      It increases your willpower.
 L - a ring of flight
   (You found it on level 7 of the Dungeon)
Wands
 k - a wand of roots (9)
   (You found it on level 4 of the Dungeon)
 l - a wand of flame (29)
   (You took it off Ijyb on level 3 of the Dungeon)
 o - a wand of polymorph (13)
   (You found it on level 4 of the Dungeon)
 p - a wand of paralysis (9)
   (You found it on level 4 of the Dungeon)
 M - a wand of light (4)
   (You found it on level 11 of the Dungeon)
Scrolls
 e - 3 scrolls of immolation {!r!r}
 j - 4 scrolls of vulnerability {!r!r}
 n - 2 scrolls of poison {!r}
 z - 2 scrolls of brand weapon
 B - a scroll of magic mapping {!r}
 G - a scroll of enchant armour
 K - a scroll of teleportation {@r4}
 R - a scroll of fog
Potions
 b - 2 potions of lignification {!q}
 f - 9 potions of curing {@q1}
 h - 6 potions of cancellation
 i - a potion of invisibility
 m - 3 potions of heal wounds {@q2}
 r - 4 potions of brilliance
 s - 3 potions of mutation {!q}
 t - a potion of magic
 u - 4 potions of attraction {!q}
 w - a potion of degeneration {!q}
 E - 2 potions of flight

Dungeon Overview and Level Annotations

Branches:
Dungeon (14/15) Zot: 26796  Temple (0/1) D:7            Lair (0/5) D:11
    Orc (0/2) D:9           IceCv (1/1) Zot: 5572
 Vaults: D:13-14

Shops:
D:2 [!*==   D:9 *   D:14 *

Annotations:
D:2 2 transporters
D:7 1 runed translucent door, Domino's ghost, novice MiBe

##...#
##...#
#...##
##...##
##.....##
#...∩...#
#.......#
##..DZ.##
##.Y.##
#####


You could see an ice dragon (unable to see you, catching breath) and an ice
dragon simulacrum (unable to see you).


Message History

You catch the helpless ice dragon completely off-guard!
You hit the ice dragon. The ice dragon breathes frost at you.
The blast of cold hits you. You resist.
The ice dragon simulacrum bites you but does no damage.
The ice dragon simulacrum claws you. The ice dragon simulacrum freezes you!
You resist. The ice dragon simulacrum tramples you.
You hold your ground! 😮 HP[-14]
You take 14 damage, and now have 70/114 hp.
You hit the ice dragon but do no damage.
The ice dragon misses you. The ice dragon claws you.
The ice dragon tramples you.
You hold your ground! 😮 HP[-10]
You take 10 damage, and now have 60/114 hp.
Unknown command.
You barely miss the ice dragon. The ice dragon simulacrum bites you.
* * * LOW HITPOINT WARNING * * *
The ice dragon simulacrum freezes you. You resist.
* * * LOW HITPOINT WARNING * * *
The ice dragon simulacrum claws you.
* * * LOW HITPOINT WARNING * * *
The ice dragon simulacrum freezes you. You resist.
* * * LOW HITPOINT WARNING * * *
The ice dragon simulacrum tramples you.
* * * LOW HITPOINT WARNING * * *
You hold your ground!
The ice dragon closely misses you. The ice dragon claws you.
* * * LOW HITPOINT WARNING * * *
The ice dragon closely misses you. 😨 HP[-23]
You take 23 damage, and now have 37/114 hp.
MASSIVE DAMAGE!! (PAUSE)
You hit the ice dragon but do no damage.
The ice dragon simulacrum bites you but does no damage.
The ice dragon simulacrum claws you!
* * * LOW HITPOINT WARNING * * *
The ice dragon simulacrum freezes you. You resist.
* * * LOW HITPOINT WARNING * * *
The ice dragon simulacrum tramples you but does no damage.
The ice dragon bites you but does no damage.
The ice dragon misses you. The ice dragon tramples you!
* * * LOW HITPOINT WARNING * * *
You hold your ground! 😱 HP[-20] MP[+1]
You take 20 damage, and now have 17/114 hp.
Unknown command.
You hit the ice dragon. 😱 HP[+1] Unknown command.
You strike the helpless ice dragon from behind!
You hit the ice dragon. The ice dragon bites you.
* * * LOW HITPOINT WARNING * * *
The ice dragon claws you!
* * * LOW HITPOINT WARNING * * *
The ice dragon barely misses you. 😱 HP[-16]
You take 16 damage, and now have 2/114 hp.
Unknown command.
You barely miss the ice dragon. The ice dragon breathes frost at you.
The blast of cold misses you.
The ice dragon simulacrum bites you but does no damage.
The ice dragon simulacrum barely misses you. x2 😱 HP[+1] Unknown command.
You feel much better. The ice dragon closely misses you.
The ice dragon claws you!
* * * LOW HITPOINT WARNING * * *
The ice dragon tramples you but does no damage.
The ice dragon simulacrum bites you.
* * * LOW HITPOINT WARNING * * *
The ice dragon simulacrum freezes you. You resist.
* * * LOW HITPOINT WARNING * * *
The ice dragon simulacrum claws you.
* * * LOW HITPOINT WARNING * * *
The ice dragon simulacrum freezes you. You resist.
* * * LOW HITPOINT WARNING * * *
The ice dragon simulacrum closely misses you. 😱 HP[+7]
You regained 7 hp, and now have 10/114 hp.
Unknown command.
You pummel the ice dragon!! You freeze the ice dragon.
The ice dragon bites you but does no damage.
The ice dragon claws you!
* * * LOW HITPOINT WARNING * * *
The ice dragon barely misses you. 😱 HP[-9]
You take 9 damage, and now have 1/114 hp.
Unknown command.
You feel much better. The ice dragon simulacrum bites you.
* * * LOW HITPOINT WARNING * * *
The ice dragon simulacrum freezes you. You resist.
* * * LOW HITPOINT WARNING * * *
The ice dragon simulacrum claws you but does no damage.
The ice dragon simulacrum tramples you.
* * * LOW HITPOINT WARNING * * *
You hold your ground!
The ice dragon breathes frost at you. The blast of cold hits you. You resist.
You die...

Skill      XL: |  1  2  3  4  5  6  7  8  9 10 11 12 |
---------------+-------------------------------------+-----
Transmutations | 2 3 4 5 6 7 8 9 10 | 10.9
Spellcasting   | 2 3 4 5 6 7 |  7.2
Poison Magic   | 1 2 |  2.0
Unarmed Combat | 3 4 5 7 8 9 10 | 10.3
Ice Magic      | 2 3 4 6 |  6.0
Fighting       | 1 3 4 5 |  5.9
Dodging        | 3 4 5 6 |  6.2

Action                     |  1- 3 |  4- 6 |  7- 9 | 10-12 || total
---------------------------+-------+-------+-------+-------++-------
  Melee: Unarmed           |   115 |   128 |   298 |   460 ||  1001
         Kick              |    10 |     9 |       |       ||    19
         Headbutt          |     6 |     9 |       |       ||    15
         Punch             |     5 |     1 |       |       ||     6
   Cast: Beastly Appendage |    19 |    11 |       |       ||    30
         Spider Form       |     5 |    13 |     4 |       ||    22
         Wereblood         |     2 |     2 |    11 |    17 ||    32
         Ice Form          |       |     2 |    36 |    42 ||    80
  Evoke: Wand              |       |       |       |     1 ||     1
    Use: Scroll            |     5 |     4 |     9 |    11 ||    29
         Potion            |       |     1 |       |    10 ||    11
   Stab: Sleeping          |       |     1 |       |       ||     1
         Petrified         |       |       |       |     8 ||     8
         Petrifying        |       |       |       |     1 ||     1
         Invisible         |       |       |       |     5 ||     5
 Armour: Robe              |    12 |    13 |     2 |       ||    27
         Skin              |     1 |     1 |   112 |   192 ||   306
  Dodge: Dodged            |    86 |    83 |   214 |   314 ||   697

Levels and vault maps discovered:
D:1:      saegor_arrival_simple_b, layout_loops_corners, minmay_misc_feat_tiny
D:2:      layout_loops_cross, serial_shops, shop,
          nicolae_shop_industrial_runoff, shop, nicolae_shop_drivethru,
          nicolae_shop_crystal, chequers_serial_rivers_micro_a, uniq_terence
D:3:      minmay_evil_eye, layout_loops_ring, nicolae_overflow_hidden_temple,
          nicolae_overflow_squiral, corexii_hall_statues_i, grunt_ministairs_10,
          uniq_ijyb
D:4:      layout_loops_corners, nzn_wu_jian_council_hall,
          chequers_serial_rivers_small_a, minmay_strange_pillars,
          nicolae_eternal_life
D:5:      layout_layer_cave, mainiacjoe_overflow_six_doors_small
D:6:      layout_basic, nicolae_ashenzari_panopticon
D:7:      layout_loops_ring, minmay_temple_entry_grid, gammafunk_ghost_grave
D:8:      layout_basic
D:9:      layout_roguey, fedhas_bush_and_centaur_altar,
          gammafunk_temple_overflow_pools, orc_0_dummy, chequers_jeans,
          nicolae_shop_overcharged_wands
D:10:     layout_irregular_city, elyvilon_altar_4, minivault_11, uniq_josephine
D:11:     layout_big_octagon, erik_lair_orcish_takeover
D:12:     layout_irregular_city, uniq_gastronok, uniq_urug
D:13:     layout_basic, nicolae_qazlal_scattered_showers
D:14:     layout_long_grid, david_vaults_2,
          portal_ice_cave_entry_ice_statue_two, minmay_strange_pillars,
          special_room [special_room_orc], nicolae_gozag_zags_fifth_avenue
IceCv:    ice_cave_small_dragons

Notes
Turn   | Place    | Note
-------+----------+-------------------------------------------
     0 | D:1      | kae the Demigod Transmuter began the quest for the Orb.
     0 | D:1      | Reached XP level 1. HP: 15/15 MP: 5/5
     0 | D:1      | magus.rc [v1.11.3]
    60 | D:1      | You pick up a book of Minor Magic and begin reading...
    60 | D:1      | You add the spells Magic Dart, Call Imp and Mephitic Cloud
                  | to your library.
    74 | D:1      | You pick up a book of Spatial Translocations and begin
                  | reading...
    74 | D:1      | You add the spells Blink, Momentum Strike and Lesser
                  | Beckoning to your library.
    94 | D:1      | Reached skill level 2 in Transmutations
   423 | D:1      | Reached skill level 2 in Spellcasting
   818 | D:2      | Reached XP level 2. HP: 21/22 MP: 5/7
   866 | D:2      | Found Avoompe's Distillery.
   889 | D:2      | Bought a potion of curing for 33 gold pieces
   970 | D:2      | Learned a level 2 spell: Wereblood
   977 | D:2      | HP: 4/22 [worm (10)]
  1230 | D:2      | Found Heuzijou's Antique Armour Shoppe.
  1267 | D:2      | Noticed Terence
  1378 | D:2      | Found a transporter.
  1512 | D:2      | Found Pieref's Jewellery Emporium.
  1512 | D:2      | Found a transporter.
  1513 | D:2      | Found Xeinas's Jewellery Emporium.
  1524 | D:2      | Reached XP level 3. HP: 25/27 MP: 7/9
  1533 | D:2      | Learned a level 3 spell: Spider Form
  1549 | D:2      | Found Juidghet's General Store.
  1747 | D:2      | Killed Terence
  1748 | D:2      | Reached skill level 3 in Transmutations
  1856 | D:3      | Reached skill level 1 in Poison Magic
  2178 | D:3      | Noticed Ijyb
  2190 | D:3      | Killed Ijyb
  2191 | D:3      | Reached XP level 4. HP: 32/34 MP: 4/10
  2787 | D:4      | HP: 5/34 [something/magic dart (4)]
  2788 | D:4      | HP: 2/34 [something/magic dart (4)]
  2908 | D:4      | Reached skill level 2 in Poison Magic
  2908 | D:4      | Reached XP level 5. HP: 33/39 MP: 8/11
  3135 | D:4      | Reached skill level 4 in Transmutations
  3309 | D:4      | Identified the +1 ring mail of Midwinter {Str+5}
  3423 | D:4      | You pick up a book of Beasts and begin reading...
  3423 | D:4      | You add the spells Summon Ice Beast, Summon Mana Viper and
                  | Monstrous Menagerie to your library.
  3807 | D:5      | Entered Level 5 of the Dungeon
  3891 | D:5      | Reached skill level 3 in Spellcasting
  3976 | D:5      | Reached XP level 6. HP: 46/46 MP: 7/13
  4017 | D:5      | Learned a level 4 spell: Ice Form
  4294 | D:5      | Reached skill level 3 in Unarmed Combat
  4294 | D:5      | Reached skill level 1 in Ice Magic
  4467 | D:5      | Reached skill level 5 in Transmutations
  5385 | D:6      | Reached skill level 2 in Ice Magic
  5385 | D:6      | Reached XP level 7. HP: 51/51 MP: 8/15
  5461 | D:6      | HP: 13/61 [acid (5)]
  5461 | D:6      | HP: 5/61 [acid (8)]
  5853 | D:6      | Reached skill level 4 in Unarmed Combat
  6223 | D:6      | Reached skill level 3 in Ice Magic
  6307 | D:6      | Reached skill level 6 in Transmutations
  6307 | D:6      | Reached XP level 8. HP: 56/58 MP: 13/17
  6497 | D:6      | Reached skill level 4 in Spellcasting
  6712 | D:7      | Found a runed translucent door.
  6712 | D:7      | Noticed Domino's ghost (novice MiBe)
  6804 | D:7      | Found a staircase to the Ecumenical Temple.
  6955 | D:7      | Reached skill level 5 in Unarmed Combat
  6955 | D:7      | Reached skill level 4 in Ice Magic
  7074 | D:7      | You pick up a book of Storms and begin reading...
  7074 | D:7      | You add the spells Static Discharge, Airstrike and Summon
                  | Lightning Spire to your library.
  7716 | D:8      | Noticed a two-headed ogre
  7793 | D:8      | Reached skill level 7 in Transmutations
  7854 | D:8      | Reached skill level 1 in Fighting
  7857 | D:8      | Reached XP level 9. HP: 40/64 MP: 12/19
  8012 | D:8      | Reached skill level 2 in Dodging
  8012 | D:8      | Reached skill level 5 in Ice Magic
  8166 | D:8      | You pick up a book of Changes and begin reading...
  8198 | D:8      | HP: 17/76 [orc warrior/+0 battleaxe (11)]
  8568 | D:8      | Reached skill level 6 in Unarmed Combat
  8647 | D:8      | Killed a two-headed ogre
  8853 | D:8      | Reached skill level 2 in Fighting
  9031 | D:8      | Reached skill level 5 in Spellcasting
  9613 | D:9      | Identified a scroll of acquirement
  9613 | D:9      | Acquired 1326 gold pieces
  9722 | D:9      | You pick up a book of the Hunter and begin reading...
  9722 | D:9      | You add the spells Call Canine Familiar, Portal Projectile
                  | and Leda's Liquefaction to your library.
  9768 | D:9      | Reached skill level 3 in Dodging
  9769 | D:9      | Reached skill level 6 in Ice Magic
  9979 | D:9      | Reached skill level 8 in Transmutations
  9981 | D:9      | Noticed a two-headed ogre
  9985 | D:9      | Killed a two-headed ogre
  9986 | D:9      | Reached skill level 3 in Fighting
  9986 | D:9      | Reached skill level 7 in Unarmed Combat
  9986 | D:9      | Reached XP level 10. HP: 65/77 MP: 17/21
 10112 | D:9      | Found Seibecs's Overcharged Wands.
 10115 | D:9      | Found a staircase to the Orcish Mines.
 10996 | D:10     | Entered Level 10 of the Dungeon
 11250 | D:10     | You pick up a book of Necromancy and begin reading...
 11250 | D:10     | You add the spells Necrotise, Vampiric Draining and Agony
                  | to your library.
 11275 | D:10     | Noticed Josephine
 11294 | D:10     | Reached skill level 4 in Dodging
 11304 | D:10     | HP: 21/87 [Josephine/ghostly fireball (9)]
 11307 | D:10     | Killed Josephine
 11308 | D:10     | Reached skill level 8 in Unarmed Combat
 11310 | D:10     | HP: 10/93 [wraith[Josephine] (10)]
 11313 | D:10     | Reached skill level 9 in Transmutations
 11709 | D:10     | Reached skill level 4 in Fighting
 11955 | D:10     | Reached skill level 6 in Spellcasting
 11991 | D:10     | You add the spells Ignite Poison, Sticky Flame and Ignition
                  | to your library.
 12058 | D:10     | Reached XP level 11. HP: 84/84 MP: 19/24
 12273 | D:11     | HP: 25/100 [orc/+0 trident (1)]
 12282 | D:11     | HP: 21/100 [orc/+0 trident (4)]
 12284 | D:11     | Found a staircase to the Lair.
 12586 | D:11     | You are sucked into a shaft and drop 1 floor!
 12591 | D:12     | Noticed a deep elf pyromancer
 12605 | D:12     | Noticed a deep elf pyromancer
 12612 | D:12     | Noticed Urug
 12621 | D:12     | Killed a deep elf pyromancer
 12625 | D:12     | Killed a deep elf pyromancer
 12630 | D:12     | Killed Urug
 12638 | D:12     | Reached skill level 5 in Dodging
 12708 | D:12     | a +5 double sword {rare}; a +0 scale mail; the orc corpse
                  | of Urug
 12793 | D:12     | Reached skill level 9 in Unarmed Combat
 12898 | D:12     | Noticed Gastronok
 12918 | D:12     | Killed Gastronok
 12919 | D:12     | Reached skill level 10 in Transmutations
 12946 | D:12     | You add the spells Tukima's Dance, Passage of Golubria and
                  | Yara's Violent Unravelling to your library.
 13038 | D:12     | Reached skill level 5 in Fighting
 13926 | D:11     | Noticed a sixfirhy
 14137 | D:11     | Identified the +7 trident of Wuhena {heavy, Int+5}
 14612 | D:13     | Acquired the ring "Doun" {Will+ Int+3}
 14618 | D:13     | Noticed a six-headed hydra
 14627 | D:13     | Killed a six-headed hydra
 15017 | D:13     | Noticed a boulder beetle
 15117 | D:13     | Noticed a catoblepas
 15157 | D:13     | HP: 9/105 [catoblepas (28)]
 15166 | D:13     | HP: 15/105 [something/blast of calcifying dust (4)]
 15186 | D:14     | HP: 3/88 [efreet/fireball (30)]
 15201 | D:14     | Reached XP level 12. HP: 61/94 MP: 21/26
 15223 | D:14     | Reached skill level 7 in Spellcasting
 15235 | D:14     | HP: 22/112 [orc knight/+0 great mace (23)]
 15238 | D:14     | HP: 8/112 [orc warrior/+0 long sword (20)]
 15295 | D:14     | Found Gozag's Platinum Reserve.
 15326 | D:14     | Found a frozen archway.
 15345 | D:14     | Reached skill level 10 in Unarmed Combat
 15362 | D:14     | Reached skill level 6 in Dodging
 15398 | IceCv    | Entered an ice cave
 15413 | IceCv    | HP: 28/114 [ice dragon simulacrum (10)]
 15418 | IceCv    | HP: 27/114 [storm dragon simulacrum (7)]
 15660 | IceCv    | Noticed an ice dragon
 15664 | IceCv    | Noticed an ice dragon
 15685 | IceCv    | Killed an ice dragon
 15850 | IceCv    | HP: 28/114 [ice dragon simulacrum (2)]
 15852 | IceCv    | HP: 13/114 [ice dragon (6)]
 15852 | IceCv    | HP: 2/114 [ice dragon (11)]
 15856 | IceCv    | Killed from afar by an ice dragon

Vanquished Creatures
  Gastronok (D:12)
  Josephine (D:10)
  An ice dragon (IceCv)
  A hydra (D:13)
  2 two-headed ogres
  Urug (D:12)
  An orc knight (D:14)
  2 deep elf pyromancers (D:12)
  2 ugly things (D:12)
  A cyclops (D:11)
  2 ice statues (D:14)
  6 kobold demonologists
  2 gargoyles
  4 storm dragon simulacra (IceCv)
  An efreet (D:14)
  2 trolls
  A golden dragon simulacrum (IceCv)
  4 wraiths
  15 yaks
  A shadow (D:10)
  2 wyverns (D:8)
  A basilisk (D:11)
  3 steam dragons
  2 wargs (D:11)
  2 water moccasins
  An acid dragon (D:9)
  7 orc warriors
  An ice beast (D:7)
  2 ice dragon simulacra (IceCv)
  4 ogres
  11 centaurs
  7 kobold brigands
  A phantom (D:6)
  2 bullfrogs
  A scorpion (D:6)
  6 wights
  12 killer bees (D:9)
  9 howler monkeys
  7 hounds
  14 orc priests
  A gnoll bouda (D:8)
  3 jellies
  4 iguanas
  12 orc wizards
  Ijyb (D:3)
  Terence (D:2)
  A sleepcap (D:7)
  3 adders
  4 gnolls (D:8)
  A shadow imp (D:8)
  A white imp (D:7)
  2 ufetubi
  3 worms (D:2)
  2 dart slugs
  33 orcs
  5 endoplasms
  4 giant cockroaches
  4 goblins
  8 hobgoblins
  5 jackals
  3 ball pythons
  4 bats
  6 frilled lizards
  39 kobolds
  5 rats
301 creatures vanquished.

Vanquished Creatures (others)
  An unseen horror (D:12)
  2 bushes (D:9)
  A plant (D:11)
  2 withered plants (D:7)
6 creatures vanquished.

Grand Total: 307 creatures vanquished

Table legend:
 A = Non-vault XP
 B = Vault XP
 C = Vault XP percentage of total XP
 D = Non-vault monster count
 E = Vault monster count
 F = Vault count percentage of total count
                 A         B        C        D         E       F
            +---------+---------+-------+---------+---------+-------
      Total |   21318 |    9595 |  31.0 |     260 |      42 |  13.9
            +---------+---------+-------+---------+---------+-------
        D:1 |      13 |       0 |   0.0 |       7 |       0 |   0.0
        D:2 |      39 |      36 |  48.0 |      19 |       1 |   5.0
        D:3 |      24 |      47 |  66.2 |      15 |       7 |  31.8
        D:4 |     174 |       0 |   0.0 |      16 |       0 |   0.0
        D:5 |     514 |       0 |   0.0 |      11 |       0 |   0.0
        D:6 |     985 |       0 |   0.0 |      15 |       0 |   0.0
        D:7 |    1080 |       0 |   0.0 |      34 |       0 |   0.0
        D:8 |    2558 |       0 |   0.0 |      32 |       0 |   0.0
        D:9 |    3633 |     118 |   3.1 |      38 |       1 |   2.6
       D:10 |    3375 |    1526 |  31.1 |      20 |       4 |  16.7
       D:11 |    3096 |     602 |  16.3 |      19 |       8 |  29.6
       D:12 |    3979 |    2331 |  36.9 |      29 |       2 |   6.5
       D:13 |    1511 |       0 |   0.0 |       4 |       0 |   0.0
       D:14 |     337 |    1950 |  85.3 |       1 |      11 |  91.7
      IceCv |       0 |    2985 | 100.0 |       0 |       8 | 100.0
            +---------+---------+-------+---------+---------+-------

Skill      XL: |  1  2  3  4  5  6  7  8  9 10 11 12 |
---------------+-------------------------------------+-----
Transmutations | 2 3 4 5 6 7 8 9 10 | 10.9
Spellcasting   | 2 3 4 5 6 7 |  7.2
Poison Magic   | 1 2 |  2.0
Unarmed Combat | 3 4 5 7 8 9 10 | 10.3
Ice Magic      | 2 3 4 6 |  6.0
Fighting       | 1 3 4 5 |  5.9
Dodging        | 3 4 5 6 |  6.2

Action                     |  1- 3 |  4- 6 |  7- 9 | 10-12 || total
---------------------------+-------+-------+-------+-------++-------
  Melee: Unarmed           |   115 |   128 |   298 |   460 ||  1001
         Kick              |    10 |     9 |       |       ||    19
         Headbutt          |     6 |     9 |       |       ||    15
         Punch             |     5 |     1 |       |       ||     6
   Cast: Beastly Appendage |    19 |    11 |       |       ||    30
         Spider Form       |     5 |    13 |     4 |       ||    22
         Wereblood         |     2 |     2 |    11 |    17 ||    32
         Ice Form          |       |     2 |    36 |    42 ||    80
  Evoke: Wand              |       |       |       |     1 ||     1
    Use: Scroll            |     5 |     4 |     9 |    11 ||    29
         Potion            |       |     1 |       |    10 ||    11
   Stab: Sleeping          |       |     1 |       |       ||     1
         Petrified         |       |       |       |     8 ||     8
         Petrifying        |       |       |       |     1 ||     1
         Invisible         |       |       |       |     5 ||     5
 Armour: Robe              |    12 |    13 |     2 |       ||    27
         Skin              |     1 |     1 |   112 |   192 ||   306
  Dodge: Dodged            |    86 |    83 |   214 |   314 ||   697

Illustrated notes

Table legend:
 A = Kills in this place as a percentage of kills in the entire game.
 B = Kills by you in this place as a percentage of kills by you in the entire game.
 C = Kills by friends in this place as a percentage of kills by friends in the entire game.
 D = Other kills in this place as a percentage of other kills in the entire game.
 E = Experience gained in this place as a percentage of experience gained in the entire game.
 F = Experience gained in this place divided by the number of levels of this place that you have seen.
                   A       B       C       D       E      F
               +-------+-------+-------+-------+-------+----------------------
         Total | 100.0 | 100.0 |   N/A | 100.0 | 100.0 | 2060.9
       Dungeon |  97.4 |  97.3 |   N/A | 100.0 |  90.3 | 1994.9
      Ice Cave |   2.6 |   2.7 |   N/A |   0.0 |   9.7 | 2985.0
               +-------+-------+-------+-------+-------+----------------------

Table legend: (Time is in decaauts)
 A = Elapsed time spent in this place.
 B = Non-inter-level travel time spent in this place.
 C = Inter-level travel time spent in this place.
 D = Time resting spent in this place.
 E = Time spent auto-exploring this place.
 F = Levels seen in this place.
 G = Mean time per level.
                   A        B        C        D        E       F      G
               +--------+--------+--------+--------+--------+-----+--------+
         Total |  15747 |  15254 |    493 |    688 |  12149 |  15 | 1049.8 |
       Dungeon |  15320 |  14827 |    493 |    580 |  11950 |  14 | 1094.3 |
      Ice Cave |    427 |    427 |      0 |    107 |    198 |   1 |  427.0 |
               +--------+--------+--------+--------+--------+-----+--------+

Top non-repeatable levels by time:
     D:7: 1606 daAuts
     D:5: 1450 daAuts
     D:9: 1394 daAuts
     D:8: 1331 daAuts
    D:10: 1289 daAuts
     D:6: 1289 daAuts
    D:12: 1283 daAuts
    D:11: 1197 daAuts
     D:3: 1043 daAuts
     D:2: 1037 daAuts
     D:4: 1023 daAuts
     D:1: 777 daAuts
   IceCv: 427 daAuts
    D:13: 393 daAuts
    D:14: 204 daAuts
